 Dungeon Crawl Stone Soup version 0.28-a0-194-g42b4daccc1 (webtiles) character file.

Game seed: 12378815653284645106

53 freelancePsychic the Slasher (level 3, -4/31 HPs)
             Began as a Minotaur Gladiator on Aug 18, 2021.
             Slain by Pikel (11 damage)
             ... on level 4 of the Dungeon.
             The game lasted 00:02:02 (1107 turns).

freelancePsychic the Slasher (Minotaur Gladiator)   Turns: 1107, Time: 00:02:03

Health: -4/31      AC: -1    Str: 19    XL:     3   Next: 64%
Magic:  2/2        EV: 12    Int:  5    God:
Gold:   33         SH:  0    Dex: 11    Spells: 2/2 levels left

rFire   . . .      SeeInvis +   a - +0 long sword
rCold   . . .      Faith    .   (no shield)
rNeg    . . .      Spirit   .   f - +0 leather armour
rPois   .          Reflect  .   c - +0 hat
rElec   .          Harm     .   (no cloak)
rCorr   .          Rampage  .   (no gloves)
Will    .....                   (no boots)
Stlth   +.........              (no amulet)
HPRegen 0.10/turn               (no ring)
MPRegen 0.08/turn               (no ring)

@: confused, brilliant, weak-willed, corroded, flying
A: horns 2, retaliatory headbutt, see invisible, evolution 1
a: no special abilities


You were on level 4 of the Dungeon.
You visited 1 branch of the dungeon, and saw 3 of its levels.

You collected 33 gold pieces.

Inventory:

Hand Weapons
 a - a +0 long sword (weapon)
 b - a +0 hunting sling of flaming
Missiles
 d - a throwing net (quivered)
Armour
 c - a +0 hat (worn)
 f - a +0 leather armour (worn)
Potions
 e - a potion of mutation


   Skills:
 + Level 3.2 Fighting
 * Level 4.9 Long Blades
 + Level 2.4 Throwing
 - Level 3.2 Dodging


You had 2 spell levels left.
You didn't know any spells.
Your spell library contained the following spells:

 Spells                   Type           Power      Damage    Failure   Level
 Portal Projectile        Hex/Tloc       0%         N/A       88%         3
 Airstrike                Air            0%         N/A       99%         4
 Summon Lightning Spire   Summ/Air       0%         N/A       99%         4
 Lightning Bolt           Conj/Air       0%         1d11      100%        5
 Summon Hydra             Summ           0%         N/A       100%        7


Dungeon Overview and Level Annotations

Branches:
Dungeon (2/15)

Altars:
Dithmenos

Annotations:
D:4 Pikel


Innate Abilities, Weirdness & Mutations

You have a pair of horns on your head.
You reflexively headbutt those who attack you in melee.
You have supernaturally acute eyesight. (SInv)
You have hidden genetic potential.


Message History

The orc closely misses you. You furiously retaliate!
You headbutt the orc.
You see here a +0 dagger.
It was a potion of flight.
You feel very buoyant.
You fly up into the air.
The orc wizard casts a spell at you.
You are confused.
The orc barely misses you.
It was a potion of curing.
You feel better.
The orc wizard hits you but does no damage.
The orc priest calls upon Beogh to heal the orc.
The orc's wounds heal themselves!
A lemure comes into view.
It was a potion of brilliance.
You feel clever all of a sudden.
The orc wizard points at you and mumbles some strange words.
You resist with significant effort.
The orc wizard points at you and mumbles some strange words.
The orc wizard resists with some effort.
The orc wizard completely misses you. The jelly hits you.
You are splashed with acid!
The orc closely misses you. You furiously retaliate!
You headbutt the orc. You hit the orc priest.
Your headbutt misses the orc priest.
The orc priest is moderately wounded.
The orc wizard misses you. x2; You furiously retaliate!
You headbutt the orc wizard, but do no damage.
The jelly misses you. You furiously retaliate!
You headbutt the jelly!
The orc priest hits you with a +0 hand axe.
You closely miss the orc priest. You headbutt the orc priest!
The orc priest is almost dead.
A lemure comes into view.
The orc wizard casts a spell.
The orc wizard flickers and vanishes for a moment.
The jelly hits you. The acid corrodes you!
You are splashed with acid.
* * * LOW HITPOINT WARNING * * *
The orc priest miscasts a cantrip.
The orc wizard points at you and mumbles some strange words.
You are confused.
Pikel hits you with a +1 whip of electrocution!
You die...

.... ... .
..### .. #...#
. ..##...#
.....(...#
....##.oo##
...$....oo##
.....5.5K@o###
..5.##..Jo...#
. #########


You could see Pikel, 3 lemures, a jelly, an orc priest, 3 orc wizards and 2
orcs.

Vanquished Creatures
  An adder (D:2)
  2 dart slugs
  An orc (D:4)
  4 ball pythons
  2 endoplasms
  2 giant cockroaches (D:1)
  4 goblins
  2 hobgoblins
  3 quokkas (D:1)
  6 bats
  3 frilled lizards
  3 kobolds
  4 rats
37 creatures vanquished.

Notes
Turn   | Place    | Note
-------+----------+-------------------------------------------
     0 | D:1      | freelancePsychic the Minotaur Gladiator began the quest for
                  | the Orb.
     0 | D:1      | Reached XP level 1. HP: 18/18 MP: 0/0
   130 | D:1      | Reached skill level 4 in Long Blades
   243 | D:1      | Reached XP level 2. HP: 25/25 MP: 1/1
   435 | D:1      | Found a faded altar of an unknown god.
   644 | D:1      | Reached XP level 3. HP: 27/31 MP: 2/2
   821 | D:2      | Got the Papyrus of the Supportive Voyage
  1018 | D:2      | Found a shadowy altar of Dithmenos.
  1087 | D:2      | You fall into a shaft and drop 2 floors!
  1100 | D:4      | Noticed a lemure
  1100 | D:4      | Noticed Pikel
  1101 | D:4      | Gained mutation: You have hidden genetic potential. [potion
                  | of mutation]
  1101 | D:4      | Gained mutation: You have supernaturally acute eyesight.
                  | (SInv) [potion of mutation]
  1104 | D:4      | Noticed a lemure
  1107 | D:4      | Noticed a lemure
  1107 | D:4      | Slain by Pikel

Illustrated notes

Levels and vault maps discovered:
D:1:      minmay_arrival_diagonal_passages, layout_basic,
          ebering_ecumenical_altar_mist
D:2:      layout_basic, basic_altar
D:4:      layout_rooms, gup_ossuary_entry_pyramid, uniq_robin, uniq_edmund,
          uniq_natasha, uniq_pikel

Skill      XL: |  1  2 |
---------------+-------+-----
Long Blades    | 4 |  4.9
Fighting       | 3 |  3.2
Throwing       | |  2.4
Dodging        | |  3.2

Action                   || total
-------------------------++-------
Melee: Long sword        ||    61
       Headbutt          ||    12
Throw: Throwing net      ||     2
  Use: Potion            ||     4
       Scroll            ||     1
Armor: Leather armour    ||    21
Dodge: Dodged            ||    51
       Rpst.: Long sword ||     9

Table legend: (Time is in decaauts)
 A = Elapsed time spent in this place.
 B = Non-inter-level travel time spent in this place.
 C = Inter-level travel time spent in this place.
 D = Time resting spent in this place.
 E = Time spent auto-exploring this place.
 F = Levels seen in this place.
 G = Mean time per level.
                   A        B        C        D        E       F      G
               +--------+--------+--------+--------+--------+-----+--------+
         Total |   1117 |   1097 |     20 |      0 |    916 |   3 |  372.3 |
       Dungeon |   1117 |   1097 |     20 |      0 |    916 |   3 |  372.3 |
               +--------+--------+--------+--------+--------+-----+--------+

Top non-repeatable levels by time:
     D:1: 783 daAuts
     D:2: 314 daAuts
     D:4: 19 daAuts
